 Dungeon Crawl Stone Soup version 0.30-a0-358-g0d69a1922f (webtiles) character file.

Game seed: 13761733230128255763

144 mopl the Chopper (level 5, -4/40 HPs)
             Began as a Formicid Warper on Nov 10, 2022.
             Was an Initiate of Okawaru.
             Succumbed to a scorpion's poison
             ... on level 4 of the Dungeon.
             The game lasted 00:03:50 (2831 turns).

mopl the Chopper (Formicid Warper)                  Turns: 2831, Time: 00:03:51

Health: -4/40      AC: 10    Str: 18    XL:     5   Next: 51%
Magic:  9/9        EV:  7    Int: 12    God:    Okawaru [......]
Gold:   201        SH:  0    Dex: 13    Spells: 9/9 levels left

rFire   . . .      SeeInvis +    a - +0 hand axe
rCold   . . .      Faith    .    (no shield)
rNeg    . . .      Spirit   .    i - +0 chain mail
rPois   .          Reflect  .    (helmet unavailable)
rElec   .          Harm     .    (no cloak)
rCorr   .          Rampage  .    p - +0 pair of gloves
Will    .....                    j - +0 pair of boots
Stlth   ..........               (no amulet)
HPRegen 0.26/turn                (no ring)
MPRegen 0.11/turn                (no ring)

@: mighty, lethally poisoned (-4 -> -20)
A: permanent stasis, dig shafts and tunnels, antennae 3, four strong arms
a: Dig, Shaft Self, Renounce Religion


You were on level 4 of the Dungeon.
You worshipped Okawaru.
Okawaru was noncommittal.
You visited 1 branch of the dungeon, and saw 4 of its levels.

You collected 201 gold pieces.

Inventory:

Hand Weapons
 a - a +0 hand axe (weapon)
Missiles
 b - 2 throwing nets
 c - 7 boomerangs of dispersal
 g - 8 boomerangs (quivered)
 k - 6 curare-tipped darts
Armour
 i - a +0 chain mail (worn)
 j - a +0 pair of boots (worn)
 p - a +0 pair of gloves (worn)
Scrolls
 d - a scroll of teleportation {unknown}
 e - 3 scrolls of enchant weapon {unknown}
 f - a scroll of fog {unknown}
 n - 3 scrolls of identify {unknown}
Potions
 m - a potion of flight
 q - a potion of magic


   Skills:
 + Level 2.8 Fighting
 * Level 3.1 Axes
 + Level 1.7 Throwing
 + Level 2.0 Armour
 + Level 2.2 Dodging
 + Level 2.8 Spellcasting
 + Level 3.0 Translocations
 + Level 0.8 Invocations


You had 9 spell levels left.
You didn't know any spells.
Your spell library contained the following spells:

 Spells                   Type           Power      Damage    Failure   Level
 Lesser Beckoning         Tloc           18%        N/A       96%         3
 Teleport Other           Tloc           9%         N/A       96%         3
 Vhi's Electric Charge    Tloc/Air       10%        N/A       99%         3
 Manifold Assault         Tloc           9%         N/A       100%        4
 Blink                    Tloc           Unusable   N/A       N/A         2

Dungeon Overview and Level Annotations

Branches:
Dungeon (4/15)
 Temple: D:4-7

Altars:
Cheibriados
Dithmenos
Okawaru
Qazlal

Shops:
D:3 =


Innate Abilities, Weirdness & Mutations

You cannot be hasted, slowed, berserked, paralysed or teleported.
You can dig through walls and to a lower floor.
You have a pair of large antennae on your head. (SInv)
Your four strong arms can wield two-handed weapons with a shield.


Message History

You feel very sick.
The scorpion stings you but does no damage. x2
Okay, then.
Okay, then.
You hit the scorpion but do no damage.
The scorpion is heavily wounded.
You feel sick.
The scorpion stings you but does no damage.
It was a potion of flight.
You feel very buoyant.
You fly up into the air.
You feel sick.
The scorpion stings you but does no damage.
It was a potion of magic.
Magic courses through your body.
You feel sick. The scorpion stings you.
* * * LOW HITPOINT WARNING * * *
It was a potion of curing.
You feel better. The scorpion stings you.
You barely miss the scorpion.
The scorpion is heavily wounded.
The scorpion stings you.
* * * LOW HITPOINT WARNING * * *
You are poisoned.
The scorpion poisons you! The scorpion stings you.
* * * LOW HITPOINT WARNING * * *
It was a potion of cancellation.
Your magical effects are unravelling.
You feel magically purged.
You float gracefully downwards.
* * * LOW HITPOINT WARNING * * *
You feel sick. The scorpion stings you.
* * * LOW HITPOINT WARNING * * *
You are more poisoned.
The scorpion poisons you!
It was a potion of might.
You feel very mighty all of a sudden.
* * * LOW HITPOINT WARNING * * *
You feel very sick.
The scorpion stings you but does no damage.
You slash the scorpion!
You kill the scorpion!
Okawaru is honoured by your kill.
You die...

##########
#.........
#..†.....#
#.@......#
#.........
..........#
####.#####..
..# . ..#
..# ...#


There were no monsters in sight!

Vanquished Creatures
  A scorpion (D:4)
  An orc priest (D:3)
  4 gnolls
  An adder (D:3)
  4 orcs (D:3)
  6 bats
  8 endoplasms
  5 giant cockroaches
  7 goblins
  5 hobgoblins
  2 quokkas
  3 ball pythons (D:2)
  5 frilled lizards
  4 kobolds
  5 rats
61 creatures vanquished.

Vanquished Creatures (others)
  2 fungi (D:2)
  A plant (D:2)
3 creatures vanquished.

Grand Total: 64 creatures vanquished

Notes
Turn   | Place    | Note
-------+----------+-------------------------------------------
     0 | D:1      | mopl the Formicid Warper began the quest for the Orb.
     0 | D:1      | Reached XP level 1. HP: 16/16 MP: 3/3
    83 | D:1      | Reached XP level 2. HP: 19/22 MP: 5/5
   439 | D:1      | Reached XP level 3. HP: 19/28 MP: 6/6
   962 | D:2      | Reached skill level 2 in Dodging
  1127 | D:1      | Reached XP level 4. HP: 12/34 MP: 7/7
  1418 | D:2      | Found an iron altar of Okawaru.
  1429 | D:2      | Became a worshipper of Warmaster Okawaru
  1636 | D:2      | Found a faded altar of an unknown god.
  2011 | D:3      | Found Ideimoga's Jewellery Boutique.
  2105 | D:3      | Reached skill level 3 in Translocations
  2122 | D:3      | Reached XP level 5. HP: 39/40 MP: 8/8
  2190 | D:3      | Found a stormy altar of Qazlal.
  2222 | D:3      | Found a shadowy altar of Dithmenos.
  2280 | D:3      | Reached skill level 3 in Axes
  2280 | D:3      | Reached skill level 2 in Armour
  2315 | D:3      | Found a snail-covered altar of Cheibriados.
  2830 | D:4      | HP: 1/40 [poisoned by a scorpion]
  2831 | D:4      | Succumbed to a scorpion's poison

Illustrated notes

Levels and vault maps discovered:
D:1:      dpeg_arrival_oval, layout_basic
D:2:      layout_basic, shapermc_ecumenical_altar_petra, basic_altar
D:3:      layout_basic, lemuel_crystal_altar, mainiacjoe_overflow_two_lobes,
          serial_shops, shop
D:4:      layout_basic, minmay_temple_entry_wispy, serial_rivers,
          chequers_serial_rivers_small_b, chequers_serial_rivers_micro_e,
          chequers_serial_rivers_room_b, chequers_serial_rivers_small_b

Skill      XL: |  1  2  3  4  5 |
---------------+----------------+-----
Dodging        | 2 |  2.2
Translocations | 3 |  3.0
Axes           | 3 |  3.1
Armour         | 2 |  2.0
Fighting       | |  2.8
Throwing       | |  1.7
Spellcasting   | |  2.8
Invocations    | |  0.8

Action                   |  1- 3 |  4- 6 || total
-------------------------+-------+-------++-------
Melee: Hand axe          |   103 |   127 ||   230
       Punch             |       |     2 ||     2
Throw: Boomerang         |       |     4 ||     4
  Use: Potion            |       |     5 ||     5
Armor: Leather armour    |    24 |       ||    24
       Chain mail        |    13 |    74 ||    87
Dodge: Dodged            |    48 |    44 ||    92

Table legend: (Time is in decaauts)
 A = Elapsed time spent in this place.
 B = Non-inter-level travel time spent in this place.
 C = Inter-level travel time spent in this place.
 D = Time resting spent in this place.
 E = Time spent auto-exploring this place.
 F = Levels seen in this place.
 G = Mean time per level.
                   A        B        C        D        E       F      G
               +--------+--------+--------+--------+--------+-----+--------+
         Total |   2874 |   2750 |    124 |    235 |   1838 |   4 |  718.5 |
       Dungeon |   2874 |   2750 |    124 |    235 |   1838 |   4 |  718.5 |
               +--------+--------+--------+--------+--------+-----+--------+

Top non-repeatable levels by time:
     D:2: 998 daAuts
     D:1: 952 daAuts
     D:3: 896 daAuts
     D:4: 26 daAuts
